 Dungeon Crawl Stone Soup version 0.32-a0-433-g08bcfe7efd (webtiles) character file.

Game seed: 17261232454581312106

76 Dittersdorf the Shield-Bearer (level 4, -6/29 HPs)
             Began as a Gargoyle Fighter on Feb 22, 2024.
             Splashed by a jelly's acid (8 damage)
             ... on level 3 of the Dungeon.
             The game lasted 00:01:12 (1520 turns).

Dittersdorf the Shield-Bearer (Gargoyle Fighter)    Turns: 1520, Time: 00:01:13

Health: -6/29      AC:  0    Str: 22    XL:     4   Next: 32%
Magic:  4/4        EV:  8    Int:  8    God:
Gold:   82         SH:  4    Dex:  9    Spells: 3/3 levels left

rFire   . . .        a - +0 flail
rCold   . . .        c - +0 buckler
rNeg    + . .        m - +0 chain mail
rPois   ∞            (no helmet)
rElec   +            (no cloak)
rCorr   .            (no gloves)
SInv    .            n - +2 pair of boots
Will    .....        (no amulet) Stlth
                     (no ring)
HPRegen 0.24/turn    (no ring)
MPRegen 0.09/turn

%: no passive effects
@: corroded
A: sickness immunity, AC +3, negative energy resistance 1, electricity
resistance, torment resistance 1, petrification resistance
a: no special abilities


You were on level 3 of the Dungeon.
You visited 1 branch of the dungeon, and saw 3 of its levels.

You collected 82 gold pieces.

Inventory:

Hand Weapons
 a - a +0 flail (weapon)
Armour
 c - a +0 buckler (worn)
 m - a +0 chain mail (worn)
 n - a +2 pair of boots (worn)
Scrolls
 b - a scroll of identify {unknown}
 h - a scroll of blinking {unknown}
 j - a scroll of teleportation {unknown}
 k - a scroll of torment {unknown}
 l - a scroll of enchant weapon {unknown}
Potions
 d - a potion of might
 e - 3 potions of heal wounds {unknown}
 g - 2 potions of mutation {unknown}
 i - a potion of cancellation {unknown}


   Skills:
 + Level 4.0 Fighting
 + Level 2.7 Maces & Flails
 + Level 3.9 Armour
 + Level 4.0 Shields


You had 3 spell levels left.
You didn't know any spells.
Your spell library contained the following spells:

 Spells                   Type           Power      Damage    Failure   Level
 Sting                    Conj/Alch      0%         1d3       98%         1
 Mercury Vapours          Alch/Air       0%         N/A       99%         2
 Olgreb's Toxic Radiance  Alch           0%         N/A       100%        4


Dungeon Overview and Level Annotations

Branches:
Dungeon (3/15)

Altars:


Innate Abilities, Weirdness & Mutations

You are immune to sickness and miasma.
Your stone body is resilient. (AC +3)
You are immune to poison.
You resist negative energy. (rN+)
You are resistant to electric shocks. (rElec)
You are resistant to unholy torment.
You are immune to petrification.


Message History

You enter the shallow water.
Moving in this stuff is going to be slow.
You open the door.
There is an open door here.
Found a stone staircase leading down.
A hobgoblin comes into view.
The hobgoblin shouts!
A hobgoblin and a jelly come into view.
Found an embroidered cloak.
The hobgoblin shouts!
The jelly quivers.
You closely miss the hobgoblin. The hobgoblin barely misses you.
You sock the hobgoblin!
You kill the hobgoblin!
The hobgoblin barely misses you.
Your Fighting skill increases to level 4!
Your Shields skill increases to level 4!
You thump the hobgoblin!
You kill the hobgoblin!
The jelly completely misses you.
You hit the jelly but do no damage.
Your hands burn!
The jelly hits you but does no damage.
You hit the jelly. The acid corrodes you!
Your hands burn!
The jelly is moderately wounded.
The jelly hits you. The acid corrodes you!
You are splashed with acid.
You are too injured to fight recklessly!
You are too injured to fight recklessly!
You are too injured to fight recklessly!
You are too injured to fight recklessly!
You hit the jelly. The acid corrodes you!
Your hands burn!
* * * LOW HITPOINT WARNING * * *
The jelly is moderately wounded.
The jelly hits you but does no damage.
You hit the jelly.
Your hands burn!
* * * LOW HITPOINT WARNING * * *
The jelly is severely wounded.
The jelly hits you.
* * * LOW HITPOINT WARNING * * *
The acid corrodes you!
You are splashed with acid!
You die...

#####.....##.# .#
#....<....##.# .#
#.#..#<##'##.# .#
#....#~~~#.## .#
#....+~~~'..# .# .
#....#~~~##.##.# ...
#....##+###....#.....
#..#.#+.#####....#
#..#..[.....@#....#
####.......J.####....
........+ >#.
........# # ........#
........# ........#
........#


You could see a jelly.

Vanquished Creatures
  Terence (D:2)
  An adder (D:2)
  A ribbon worm (D:2)
  4 bats
  6 endoplasms
  3 giant cockroaches (D:2)
  2 goblins (D:2)
  8 hobgoblins
  2 kobolds
  2 ball pythons
  2 frilled lizards (D:2)
  4 rats
36 creatures vanquished.

Notes
Turn   | Place    | Note
-------+----------+-------------------------------------------
     0 | D:1      | Dittersdorf the Gargoyle Fighter began the quest for the
                  | Orb.
     0 | D:1      | Reached XP level 1. HP: 14/14 MP: 1/1
   249 | D:1      | Reached XP level 2. HP: 16/19 MP: 2/2
   974 | D:2      | Noticed Terence
   979 | D:2      | Killed Terence
   980 | D:2      | Reached XP level 3. HP: 24/24 MP: 3/3
  1308 | D:2      | Reached XP level 4. HP: 29/29 MP: 4/4
  1437 | D:2      | Found a faded altar of an unknown god.
  1520 | D:3      | Splashed by a jelly's acid

Illustrated notes

Levels and vault maps discovered:
D:1:      ldierk_walled_garden, layout_basic, hangedman_feature_mirror,
          interstate_on_off
D:2:      layout_basic, dreamdust_ecumenical_altar_statues, uniq_terence
D:3:      layout_basic, minmay_liquid_box, chequers_decorated_corner

Skill      XL: |  1  2  3  4 |
---------------+-------------+-----
Fighting       | 4 |  4.0
Shields        | 4 |  4.0
Maces & Flails | |  2.7
Armour         | |  3.9

Action                     |  1- 3 |  4- 6 || total
---------------------------+-------+-------++-------
  Melee: Flail             |   105 |    23 ||   128
 Armour: Scale mail        |    51 |       ||    51
         Chain mail        |    36 |    19 ||    55
  Dodge: Dodged            |    41 |     7 ||    48
  Block: Buckler           |    28 |     1 ||    29

Table legend: (Time is in decaauts)
 A = Elapsed time spent in this place.
 B = Non-inter-level travel time spent in this place.
 C = Inter-level travel time spent in this place.
 D = Time resting spent in this place.
 E = Time spent auto-exploring this place.
 F = Levels seen in this place.
 G = Mean time per level.
                   A        B        C        D        E       F      G
               +--------+--------+--------+--------+--------+-----+--------+
         Total |   1563 |   1476 |     87 |      0 |   1164 |   3 |  521.0 |
       Dungeon |   1563 |   1476 |     87 |      0 |   1164 |   3 |  521.0 |
               +--------+--------+--------+--------+--------+-----+--------+

Top non-repeatable levels by time:
     D:1: 881 daAuts
     D:2: 654 daAuts
     D:3: 27 daAuts
